Workbook

Sheet Budget
C1: BUDGET TEMPLATE FOR FINANCIAL SUPPORT | H1: A03(a) Casework Budget
C2: CASE WORK
C4: Name of Organisation:
C5: Project Title:
C6: Country:
C7: Dates: | I7: Please use info euro for currency conversion below:
C8: Currency: | I8: https://commission.europa.eu/funding-tenders/procedures-guidelines-tenders/information-contractors-and-beneficiaries/exchange-rate-inforeuro_en
A10: Details | B10: Currency | C10: Unit | D10: # of Units | E10: Unt Value | F10: Total | G10: Exchange Rate | H10: Total in Euro | I10: Justification | J10: Required supporting documentation (This column will be completed by REDRESS)
A11: 1.1 Finance Officer (30% of time for 1 month) | B11: USD | C11: Per month | D11: 1 | E11: 600 | F11: =D11*E11 -> 600 | G11: 0.94886 | H11: =ROUND(F11*G11,2) -> 569.32 | I11: Monthly salary 2000 USD @ 30% = 600 USD | J11: 1. Timesheet with time dedicated to REDRESS 2. Proof of payment of net salary 3. Proof of payment of taxes and benefits 4. Payslip
A12: 1.2 Medical report | B12: USD | C12: Per report | D12: 1 | E12: 250 | F12: =D12*E12 -> 250 | G12: 0.94886 | H12: =ROUND(F12*G12,2) -> 237.22 | I12: One medical report for client | J12: 1. Invoice 2. Proof of payment (e.g. bank statement) 3. Purchase Order
A13: 1.3 Legal Report | B13: USD | C13: Per report | D13: 2 | E13: 300 | F13: =D13*E13 -> 600 | G13: 0.94886 | H13: =ROUND(F13*G13,2) -> 569.32 | I13: Two legal reports for client | J13: 1. Invoice 2. Proof of payment (e.g. bank statement) 3. Purchase Order
A14: 1.4 Printing | B14: USD | C14: Per report | D14: 2 | E14: 100 | F14: =D14*E14 -> 200 | G14: 0.94886 | H14: =ROUND(F14*G14,2) -> 189.77 | I14: Printing two legal reports | J14: 1. Invoice 2. Proof of payment (e.g. bank statement) 3. Purchase Order
A15: 1.5 | F15: =D15*E15 -> 0 | H15: =ROUND(F15*G15,2) -> 0
A16: 1.6 | F16: =D16*E16 -> 0 | H16: =ROUND(F16*G16,2) -> 0
A17: 1.7 | F17: =D17*E17 -> 0 | H17: =ROUND(F17*G17,2) -> 0
A18: Sub Total Direct Costs | B18: USD | F18: =SUM(F12:F14) -> 1050 | G18: 0.94886 | H18: =SUM(H12:H14) -> 996.31
A19: Indirect costs @ 7% | B19: USD | F19: =ROUND(SUM(F12:F14)*0.07,2) -> 73.5 | G19: 0.94886 | H19: =ROUND(SUM(H12:H17)*0.07,2) -> 69.74 | I19: Support (rent, admininstration, IT support etc) | J19: Indirect costs can be claimed up to 7% of direct costs. If direct costs are lower than budgeted, indirect costs will be reduced accordingly.
A20: TOTAL | B20: USD | F20: =SUM(F12:F19) -> 2173.5 | G20: 0.94886 | H20: =SUM(H12:H19) -> 2062.36
A25: Notes to complete the budget
A26: 1. Please include one specific cost per line, and explain why it is needed in column I
A27: 2. Provide the budget in your national currency, or in USD, or Euro. The budget total should be in Euros
A28: 3. Please use the InforEuro exchange rate for the month in which the funds are received. The exact rate will be confirmed once the payment has been made.
A29: 4. Maximum overheads allowed is 7% of actual direct costs

Sheet Report
A1: REDRESS
A4: Name of Organisation
A5: DONOR: | B5: EU
A6: DATES:
A8: Details | B8: Total in Euro | C8: Actual | D8: Variance | E8: Explanation for Variance
A9: Casework
A10: 1.1 Finance Officer | B10: =Budget!H11 -> 569.32 | C10: =SUMIFS('List of expenses'!J:J,'List of expenses'!B:B,A10) -> 569.316 | D10: =B10-C10 -> 0.004
A11: 1.2 Medical report | B11: =Budget!H12 -> 237.22 | C11: =SUMIFS('List of expenses'!J:J,'List of expenses'!B:B,A11) -> 265.6808 | D11: =B11-C11 -> -28.4608 | E11: Additional medical checks were requested
A12: 1.3 Legal report | B12: =Budget!H13 -> 569.32 | C12: =SUMIFS('List of expenses'!J:J,'List of expenses'!B:B,A12) -> 284.658 | D12: =B12-C12 -> 284.662 | E12: Only one legal report was necessary
A13: 1.4 Printing | B13: 189.77 | C13: =SUMIFS('List of expenses'!J:J,'List of expenses'!B:B,A13) -> 94.886 | D13: =B13-C13 -> 94.884 | E13: Only one legal report was printed
B14: =Budget!H15 -> 0 | C14: =SUMIFS('List of expenses'!J:J,'List of expenses'!B:B,A14) -> 0 | D14: =B14-C14 -> 0
B15: =Budget!H16 -> 0 | C15: =SUMIFS('List of expenses'!J:J,'List of expenses'!B:B,A15) -> 0 | D15: =B15-C15 -> 0
B16: =Budget!H17 -> 0 | C16: =SUMIFS('List of expenses'!J:J,'List of expenses'!B:B,A16) -> 0 | D16: =B16-C16 -> 0
A17: Sub Total Direct Costs | B17: =SUM(B11:B16) -> 996.31 | C17: =SUM(C11:C16) -> 645.2248 | D17: =SUM(D11:D16) -> 351.0852
A18: 2. Indirect costs @ 7% | B18: =ROUND(B17*0.07,2) -> 69.74 | C18: =ROUND(C17*0.07,2) -> 45.17 | D18: =B18-C18 -> 24.57 | E18: Indirect costs can be claimed up to 7% of direct costs. If direct costs are lower than budgeted, indirect costs will be reduced accordingly.
A19: TOTAL | B19: =SUM(B17:B18) -> 1066.05 | C19: =SUM(C17:C18) -> 690.3948 | D19: =SUM(D17:D18) -> 375.6552
A22: Invoice | B22: Date of Payment | C22: Amount in EUR
A23: REDXXXXXX

Sheet List of expenses
A1: Expenses should be calculated using the InforEuro exchange rate for the month in which the funds are received. The exact rate will be confirmed once the payment has been made. | D1: https://commission.europa.eu/funding-tenders/procedures-guidelines-tenders/information-contractors-and-beneficiaries/exchange-rate-inforeuro_en | G1: Subtotal Direct Costs (EUR) | H1: =SUM(J3:J106) -> 1214.5408 | I1: Indirect costs (EUR) | J1: =H1*0.07 -> 85.017856 | K1: Total (EUR) | L1: =H1+J1 -> 1299.5587 | AI1: Interim
A2: Report | B2: Budget Line No: | C2: Name of supplier | D2: Document Reference | E2: Date | F2: Description of item | G2: Amount in Currency | H2: Currency | I2: Exchange rate | J2: Total EUR | AI2: Final
A3: Interim | B3: 1.2 Medical report | C3: Medicare | D3: AAA-2026: 1. Invoice 2. Proof of payment (e.g. bank statement) 3. Purchase Order | E3: 46218 | F3: One medical report for client | G3: 280 | H3: USD | I3: 0.94886 | J3: =G3*I3 -> 265.6808
A4: Interim | B4: 1.3 Legal report | C4: Legal Studio | D4: AAB-2026: 1. Invoice 2. Proof of payment (e.g. bank statement) 3. Purchase Order | E4: 46242 | F4: One legal report for client | G4: 300 | H4: USD | I4: 0.94886 | J4: =G4*I4 -> 284.658
A5: Interim | B5: 1.4 Printing | C5: Sprint Prints | D5: AAC-2026: 1. Invoice 2. Proof of payment (e.g. bank statement) 3. Purchase Order | E5: 46247 | F5: Printing of one legal report | G5: 100 | H5: USD | I5: 0.94886 | J5: =G5*I5 -> 94.886
A6: Final | B6: 1.1 Finance Officer | C6: Natalia Sinephro | D6: AAD-2026: 1. Timesheet with time dedicated to REDRESS 2. Proof of payment of net salary 3. Proof of payment of taxes and benefits 4. Payslip | E6: 46295 | F6: September 2026 Salary - 30% time worked for REDRESS | G6: 600 | H6: USD | I6: 0.94886 | J6: =G6*I6 -> 569.316

Sheet Salaries
A1: Position | B1: Employee | C1: Month | D1: Currency | E1: Gross Salary | F1: Tax | G1: Benefits | H1: Net Salary | I1: % worked for REDRESS | J1: Salary to claim | K1: Exchange Rate | L1: Salary to claim (in EUR)
A2: Finance Officer | B2: Natalia Sinephro | C2: 46266 | D2: USD | E2: =SUM(F2:H2) -> 2000 | F2: 250 | G2: 350 | H2: 1400 | I2: 0.3 | J2: =I2*E2 -> 600 | K2: 0.94886 | L2: =ROUND(J2*K2,2) -> 569.32
